 Dungeon Crawl Stone Soup version 0.28.0-53-g5a82cb258f (webtiles) character file.

Game seed: 6876972812292651989

358174 karrick the Imperceptible (level 22, -7/153 HPs)
             Began as a Gargoyle Gladiator on Aug 10, 2022.
             Was the Champion of Okawaru.
             Mangled by a vault guard
             ... wielding a +0 battleaxe
             ... led by a vault warden
              (15 damage)
             ... on level 3 of the Vaults.
             The game lasted 02:54:55 (53816 turns).

karrick the Imperceptible (Gargoyle Gladiator)     Turns: 53816, Time: 02:54:56

Health: -7/153     AC: 51    Str: 25    XL:     22   Next: 38%
Magic:  32/34      EV: 19    Int: 11    God:    Okawaru [******]
Gold:   3828       SH:  0    Dex: 22    Spells: 21/21 levels left

rFire   + + .      SeeInvis .   n - +7 lajatang of Order {silver, rMut}
rCold   x . .      Faith    .   (shield currently unavailable)
rNeg    + . .      Spirit   .   x - +8 chain mail of Noughts and Crosses {Stlth+}
rPois   ∞          Reflect  .   U - +0 helmet of the Other Side {+Blink Slay+3 Stlth+}
rElec   +          Harm     .   I - scarf {repulsion}
rCorr   .          Rampage  .   Q - +2 pair of gloves {Stlth+}
rMut    +                       v - +0 pair of boots {Fly}
Will    ++...                   Z - amulet of regeneration
Stlth   ++++++++++              c - ring "Murhal" {Fire rPois Will+ Str+4 Dex+3}
HPRegen 1.15/turn               B - ring of Accord {rF+ AC+4 Str+4}
MPRegen 0.24/turn

@: heroic, frozen, flying, studying Stealth, repel missiles, very slow
A: sickness immunity, AC +16, big wings, negative energy resistance 1,
electricity resistance, torment resistance 1, petrification resistance, weak 1
}: 2/15 runes: serpentine, barnacled
a: Renounce Religion, Evoke Blink, Heroism, Finesse, Duel


You were on level 3 of the Vaults.
You worshipped Okawaru.
Okawaru was exalted by your worship.
You visited 8 branches of the dungeon, and saw 38 of its levels.
You visited the Abyss 5 times.
You also visited: Sewer, Ossuary, Bailey and Volcano.

You collected 5286 gold pieces.
You spent 1458 gold pieces at shops.

Inventory:

Hand Weapons
 i - the +9 mace "Vukuy" {freeze, rF+++ MP-9 Str+4 Stlth+}
   (You found it on level 7 of the Dungeon)

   It freezes those it strikes, dealing additional cold damage.
   It can also slow down cold-blooded creatures.
   Str:       It affects your strength (+4).
   rF:        It renders you almost immune to fire.
   MP:        It affects your magic capacity (-9).
   Stlth:     It makes you more stealthy.
 n - the +7 lajatang of Order (weapon) {silver, rMut}
   (You found it on level 3 of the Dungeon)

   It inflicts extra damage upon those it strikes, and deals substantially
   increased damage to chaotic, mutated and magically transformed beings.
   rMut:      It protects you from mutation.
 w - the +4 morningstar of Amorality {holy, Str+2 Int+5}
   (You found it on level 7 of the Dungeon)

   It has been blessed by the Shining One to cause great damage to the undead
   and demons.
   Str:       It affects your strength (+2).
   Int:       It affects your intelligence (+5).
 D - the +8 demon trident "Rift" {distort, reach+}
   (You found it on level 14 of the Dungeon)

   It warps and distorts space around it, and may blink, banish, or inflict
   extra damage upon those it strikes.
   Unwielding it can cause banishment or high damage.
   It can reach especially far, and its reaching attacks ignore other creatures
   in the way.
 E - the +10 great mace of Voanu {drain, rElec rC++ Str-3}
   (You found it in a bailey)

   A truly terrible weapon, it drains the life of any living foe it strikes.
   Str:       It affects your strength (-3).
   rC:        It greatly protects you from cold.
   rElec:     It insulates you from electricity.
 X - the +10 scythe "Acarineslayer" {drain, Str+2 Dex+4}
   (You found it on level 2 of the Lair of Beasts)

   A truly terrible weapon, it drains the life of any living foe it strikes.
   Str:       It affects your strength (+2).
   Dex:       It affects your dexterity (+4).
Missiles
 j - 9 silver javelins (quivered)
Armour
 b - the +4 pair of gloves "Dock" {Dex+3}
   (Okawaru gifted it to you on level 1 of the Vaults)

   Dex:       It affects your dexterity (+3).
 e - the +0 helmet "Lontittegg" {Int+5}
   (Okawaru gifted it to you on level 14 of the Dungeon)

   Int:       It affects your intelligence (+5).
 v - a +0 pair of boots of flying (worn)
 x - the +8 chain mail of Noughts and Crosses (worn) {Stlth+}
   (Okawaru gifted it to you on level 4 of the Snake Pit)

   Stlth:     It makes you more stealthy.
 y - the +3 warlock's mirror {reflect}
   (Okawaru gifted it to you on level 1 of the Elven Halls)

   It can block and reflect piercing ranged attacks and magical attacks against
   the wielder's willpower.
 I - a scarf of repulsion (worn)
 M - a scarf of shadows
 Q - a +2 pair of gloves of stealth (worn)
 U - the +0 helmet of the Other Side (worn) {+Blink Slay+3 Stlth+}
   (Okawaru gifted it to you on level 2 of the Snake Pit)

   Slay:      It affects your accuracy & damage with ranged weapons and melee
   (+3).
   +Blink:    It lets you blink.
   Stlth:     It makes you more stealthy.
 V - a scarf of resistance
 Y - the -1 pair of gloves "Bouclano" {Str+5}
   (Okawaru gifted it to you on level 3 of the Lair of Beasts)

   Str:       It affects your strength (+5).
Jewellery
 c - the ring "Murhal" (left hand) {Fire rPois Will+ Str+4 Dex+3}
   (You found it on level 3 of the Elven Halls)

   [ring of fire]

   It enhances your fire magic.
   Str:       It affects your strength (+4).
   Dex:       It affects your dexterity (+3).
   rF:        It protects you from fire.
   rC:        It makes you vulnerable to cold.
   rPois:     It protects you from poison.
   Will:      It increases your willpower.
 g - the ring of Dogma {Wiz Fly Str+9 Int+3 Dex-5}
   (You acquired it on level 3 of the Abyss)

   [ring of wizardry]

   It improves your spell success rate.
   Str:       It affects your strength (+9).
   Int:       It affects your intelligence (+3).
   Dex:       It affects your dexterity (-5).
   Fly:       It grants you flight.
 t - the ring "Wiapy" {Wiz Int+4 Dex+4 SInv Stlth+}
   (You found it on level 3 of the Elven Halls)

   [ring of wizardry]

   It improves your spell success rate.
   Int:       It affects your intelligence (+4).
   Dex:       It affects your dexterity (+4).
   SInv:      It lets you see invisible.
   Stlth:     It makes you more stealthy.
 B - the ring of Accord (right hand) {rF+ AC+4 Str+4}
   (You bought it in a shop on level 1 of the Snake Pit)

   [ring of protection]

   AC:        It affects your AC (+4).
   Str:       It affects your strength (+4).
   rF:        It protects you from fire.
 Z - an amulet of regeneration (around neck)
Wands
 d - a wand of iceblast (21)
 q - a wand of digging (9)
Scrolls
 a - 8 scrolls of fear
 m - 8 scrolls of vulnerability
 o - 8 scrolls of enchant armour
 s - 10 scrolls of teleportation
 u - 4 scrolls of enchant weapon
 F - 11 scrolls of fog
 J - 2 scrolls of brand weapon
 N - 8 scrolls of holy word
 O - a scroll of blinking
 P - a scroll of silence
 S - a scroll of magic mapping
Potions
 f - 3 potions of heal wounds
 h - 5 potions of haste
 k - 4 potions of cancellation {unknown}
 l - 6 potions of berserk rage
 p - a potion of invisibility
 r - a potion of ambrosia {unknown}
 z - 11 potions of magic
 A - 4 potions of might
 C - 12 potions of curing
 G - a potion of experience
 L - 6 potions of brilliance
 R - 11 potions of mutation
 T - 3 potions of degeneration {unknown}
 W - 2 potions of resistance {unknown}
Miscellaneous
 H - a phial of floods
 K - a condenser vane (inert)


   Skills:
 + Level 20.6(25.6) Fighting
 + Level 6.8(19.8) Maces & Flails
 + Level 0.7(17.3) Polearms
 + Level 20.3(25.7) Staves
 - Level 2.0(7.0) Throwing
 + Level 14.0(19.0) Armour
 + Level 10.0(15.0) Dodging
 * Level 22.6(27) Stealth
 * Level 17.7 Invocations
 + Level 1.9 Evocations


You had 21 spell levels left.
You didn't know any spells.
Your spell library contained the following spells:

 Spells                   Type           Power      Damage    Failure   Level
 Beastly Appendage        Tmut           0%         N/A       75%         1
 Foxfire                  Conj/Fire      0%         2x1d4     75%         1
 Freeze                   Ice            0%         1d3       75%         1
 Magic Dart               Conj           0%         1d3       75%         1
 Sandblast                Erth           0%         2d4       75%         1
 Shock                    Conj/Air       0%         1d3       75%         1
 Slow                     Hex            0%         N/A       75%         1
 Sting                    Tmut/Pois      0%         1d3       75%         1
 Corpse Rot               Necr/Air       0%         N/A       87%         2
 Ensorcelled Hibernation  Hex/Ice        0%         N/A       87%         2
 Wereblood                Tmut           0%         N/A       87%         2
 Confusing Touch          Hex            0%         N/A       98%         3
 Conjure Flame            Conj/Fire      0%         6-21      98%         3
 Dazzling Flash           Conj/Hex       0%         N/A       98%         3
 Frozen Ramparts          Ice            0%         1d2       98%         3
 Inner Flame              Hex/Fire       0%         N/A       98%         3
 Mephitic Cloud           Conj/Pois/Air  0%         N/A       98%         3
 Spider Form              Tmut/Pois      0%         N/A       98%         3
 Stone Arrow              Conj/Erth      0%         3d7       98%         3
 Vampiric Draining        Necr           0%         2d6       98%         3
 Anguish                  Hex/Necr       0%         N/A       100%        4
 Cause Fear               Hex            0%         N/A       100%        4
 Dispel Undead            Necr           0%         3d6       100%        4
 Flame Wave               Conj/Fire      0%         2d4       100%        4
 Fulminant Prism          Conj/Hex       0%         3d6       100%        4
 Hailstorm                Conj/Ice       0%         3d3       100%        4
 Iskenderun's Mystic Bla  Conj/Tloc      0%         2d3       100%        4
 Olgreb's Toxic Radiance  Pois           0%         N/A       100%        4
 Passage of Golubria      Tloc           0%         N/A       100%        4
 Blade Hands              Tmut           0%         N/A       100%        5
 Borgnjor's Vile Clutch   Necr/Erth      0%         N/A       100%        5
 Irradiate                Conj/Tmut      0%         3d13      100%        5
 Iskenderun's Battlesphe  Conj           0%         2d6       100%        5
 Yara's Violent Unravell  Hex/Tmut       0%         3d3       100%        5
 Eringya's Noxious Bog    Tmut/Pois      0%         N/A       100%        6
 Iron Shot                Conj/Erth      0%         9d1       100%        6
 Starburst                Conj/Fire      0%         6d3       100%        6
 Dragon Form              Tmut           0%         N/A       100%        7
 Enfeeble                 Hex            0%         N/A       100%        7
 Orb of Destruction       Conj           0%         9d5       100%        7
 Discord                  Hex            0%         N/A       100%        8
 Lehudib's Crystal Spear  Conj/Erth      0%         10d2      100%        8
 Fire Storm               Conj/Fire      0%         5d1       100%        9
 Call Imp                 Summ           Unusable   N/A       N/A         2
 Summon Guardian Golem    Hex/Summ       Unusable   N/A       N/A         3
 Tukima's Dance           Hex            Unusable   N/A       N/A         3
 Animate Armour           Summ/Erth      Unusable   N/A       N/A         4
 Animate Dead             Necr           Unusable   N/A       N/A         4
 Summon Ice Beast         Ice/Summ       Unusable   N/A       N/A         4
 Death Channel            Necr           Unusable   N/A       N/A         6
 Statue Form              Tmut/Erth      Unusable   N/A       N/A         6
 Spellforged Servitor     Conj/Summ      Unusable   N/A       N/A         7

Dungeon Overview and Level Annotations

Branches:
Dungeon (15/15)            Temple (1/1) D:6            Lair (6/6) D:10
 Shoals (4/4) Lair:3        Snake (4/4) Lair:3        Slime (0/5) Lair:6
    Orc (2/2) D:12            Elf (3/3) Orc:2        Vaults (3/5) D:14
  Crypt (0/3) Vaults:3     Depths (0/4) D:15          Sewer (visited)
Ossuary (visited)          Bailey (visited)         Volcano (visited)

Altars:
Ashenzari
Cheibriados
Dithmenos
Elyvilon
Fedhas
Gozag
Hepliaklqana
Kikubaaqudgha
Makhleb
Nemelex Xobeh
Okawaru
Qazlal
Ru
Sif Muna
Trog
Uskayaw
Vehumet
Wu Jian
Xom
Yredelemnul
Zin
The Shining One
Jiyva
Lugonu

Shops:
D:3 ?   D:8 (   D:11 *   D:14 (   Orc:2 ((**:?   Shoals:4 *   Snake:1 =::
Vaults:2 =

Portals:
Trove: D:15 (give +8 demon whip)

Annotations:
Shoals:4 Bai Suzhen


Innate Abilities, Weirdness & Mutations

You are immune to sickness and miasma.
Your stone body is resilient. (AC +16)
You are immune to poison.
Your large and strong wings let you fly.
You resist negative energy. (rN+)
You are resistant to electric shocks. (rElec)
You are resistant to unholy torment.
You are immune to petrification.
You are weak. (Str -2)


Message History

The vault guard is moderately wounded.
The ironbound frostheart calls freezing cold from the walls.
The frost grips you!
You feel a painful chill!
You are encased in ice.
The ironbound frostheart touches you but does no damage.
The vault guard throws a stone.
The stone hits you but does no damage.
You slice the vault guard!!
The vault guard is heavily wounded.
Unknown command.
You hit the vault guard.
The vault guard is heavily wounded.
The vault guard hits you but does no damage.
The ironbound frostheart touches you! The ironbound frostheart freezes you!!!
You feel a terrible chill!
Unknown command.
You barely miss the vault guard.
The vault guard is heavily wounded.
The ironbound frostheart calls freezing cold from the walls.
The frost grips you but does no damage.
The vault guard hits you but does no damage.
The ironbound frostheart touches you but does no damage.
Unknown command.
Unknown command.
You hit the vault guard but do no damage.
The vault guard is heavily wounded.
The ironbound frostheart calls freezing cold from the walls.
The frost grips you!!
You feel a painful chill!
The vault guard hits you but does no damage.
Unknown command.
You are too injured to fight recklessly!
You are too injured to fight recklessly!
You gain the combat prowess of a mighty hero.
The ice encasing you melts away.
The ironbound frostheart touches you but does no damage.
The ironbound frostheart calls freezing cold from the walls.
The frost grips you!!!
You feel a painful chill!
* * * LOW HITPOINT WARNING * * *
You are encased in ice.
The vault guard hits you with a +0 battleaxe!
You die...

.#.# #..
#+#'#'###
#..
'.....'.
#..
#.....###
#..
'.....'.#
#..
###.....#
#..
#.'..p..+
#.. #p.p..#
#..
###@#####
#..
##..)p.##
#..
##..##...#
#..
#..##..#..#
#..
#.##...##.#
###
#.##)..# .#
#
#.##)))##.#
#
#..#))##..#
#
##.).##..#
#########


You could see 2 vault guards and 2 ironbound frosthearts.

Vanquished Creatures
  Mara (Shoals:3)
  Vashnia (Snake:4)
  Mlioglotl (Shoals:2)
  3 deep elf blademasters
  2 deep elf master archers (Elf:3)
  7 tentacled starspawn
  Gastronok (Lair:2)
  A sphinx (Vaults:3)
  Kirke (D:12)
  Donald (Elf:3)
  A revenant (Abyss:2)
  Polyphemus (Shoals:4)
  A daeva (Elf:3)
  2 tengu reavers
  Ilsuiw (Shoals:2)
  An emperor scorpion (D:15)
  A cacodemon (Abyss:2)
  9 deep elf sorcerers (Elf:3)
  5 vault wardens
  Aizul (Shoals:4)
  5 deep elf elementalists (Elf:3)
  3 orc warlords (Vaults:1)
  9 ironbound preservers
  A demonspawn corrupter (Elf:3)
  5 ironbound thunderhulks
  6 very ugly things
  A vampire knight (Vaults:3)
  4 deep elf demonologists
  A lorocyproca (Abyss:3)
  An entropy weaver (Vaults:2)
  7 deep elf annihilators
  4 dire elephants
  9 deep elf death magi
  The ghost of COBRA the Severer, a journeyman HOFi of Okawaru (Lair:3)
  A green death (Abyss:2)
  Snorg (Orc:1)
  2 crystal guardians (Vaults:3)
  A quicksilver dragon zombie (Abyss:3)
  4 merfolk javelineers (Shoals:4)
  The ghost of DemonSlayer the Slinger, a journeyman DsFE of Cheibriados (Lair:1)
  7 yaktaur captains
  2 great orbs of eyes
  10 deep elf high priests
  5 merfolk impalers
  A rakshasa (Abyss:3)
  5 vault guards
  4 salamander tyrants (Snake:4)
  7 boulder beetles
  6 naga warriors
  2 ogre magi
  A peacekeeper (Vaults:3)
  2 spriggan skeletons
  3 ironbound frosthearts
  12 hydras
  3 alligator snapping turtles
  9 centaur warriors
  5 merfolk avatars
  10 merfolk aquamancers
  2 catoblepae
  27 dancing weapons
  2 satyrs
  10 two-headed ogres
  6 death yaks
  16 anacondas
  3 tengu warriors
  A two-headed ogre (shapeshifter) (Abyss:3)
  A vampire mage (Vaults:3)
  17 shock serpents
  5 thrashing horrors
  3 hell hogs (Abyss:2)
  A spriggan berserker (Lair:1)
  12 naga sharpshooters
  6 wretched stars
  Nergalle (Lair:2)
  19 deep elf knights
  2 sixfirhies
  19 spriggans
  2 spatial maelstroms (Abyss:2)
  32 deep trolls
  9 salamander mystics
  10 sea snakes
  16 deep elf archers
  9 ironbound convokers
  9 naga ritualists
  Pikel (D:7)
  14 lindwurms
  A sphinx zombie (Vaults:3)
  An orb spider (Abyss:3)
  6 harpies (Shoals:4)
  A glowing orange brain (Abyss:2)
  8 wizards
  30 deep elf zephyrmancers
  30 deep elf pyromancers
  9 orc knights
  A shining eye (Abyss:2)
  9 fauns
  2 necromancers (Vaults:3)
  14 mana vipers
  22 manticores
  3 worldbinders
  23 ugly things
  2 orc sorcerers
  2 moths of wrath (Lair:1)
  A stone giant zombie (Vaults:3)
  20 salamanders
  8 cyclopes
  Maurice (D:10)
  7 merfolk sirens
  6 elephants (Lair:5)
  2 rust devils
  18 naga magi
  51 black mambas
  7 smoke demons
  2 apocalypse crabs
  6 guardian serpents (Snake:4)
  2 molten gargoyles (Volcano)
  2 orange demons (Abyss:2)
  8 vault sentinels
  6 water nymphs
  16 cane toads
  A demonic crawler (Abyss:3)
  2 gargoyles (D:7)
  2 torpor snails
  6 kobold demonologists
  An unseen horror (D:12)
  2 rime drakes
  A rime drake (shapeshifter) (D:14)
  17 komodo dragons
  A human skeleton (Vaults:3)
  2 efreet
  22 yaktaurs
  A hellwing (Abyss:3)
  4 ancient zymes
  3 freezing wraiths
  A guardian mummy (D:15)
  A red devil (Volcano)
  7 trolls
  3 polar bears
  7 hornets
  35 merfolk
  2 wind drakes
  A meliai (shapeshifter) (D:14)
  6 snapping turtles
  A tarantella (shapeshifter) (Vaults:3)
  23 blink frogs
  32 slime creatures
  4 dream sheep
  A harpy skeleton (Abyss:3)
  14 raiju
  24 water elementals
  A flying skull (Abyss:2)
  6 wraiths
  3 air elementals
  11 wyverns
  29 yaks
  4 shadows
  An elf zombie (Vaults:3)
  5 humans (D:12)
  Grum (D:10)
  A fire bat (Volcano)
  11 basilisks
  14 small abominations
  4 fire elementals
  A ynoxinul (Abyss:3)
  19 large abominations
  Eustachio (D:6)
  A hog (D:12)
  17 vampire mosquitoes
  7 neqoxecs
  4 chaos spawn (Abyss:3)
  25 nagas
  A redback (Vaults:2)
  4 spatial vortices (Abyss:2)
  6 acid dragons
  17 water moccasins
  2 hell hounds (Volcano)
  6 black bears
  34 orc warriors
  3 sky beasts
  An ice beast (D:6)
  A meliai simulacrum (D:14)
  A necrophage (D:7)
  42 wolves
  A black bear (shapeshifter) (D:11)
  6 ogres
  3 boggarts (Lair:6)
  19 centaurs
  A lemure (D:7)
  15 kobold brigands
  12 bullfrogs
  4 gnoll sergeants
  2 scorpions
  5 earth elementals
  A water moccasin skeleton (D:4)
  8 killer bees
  11 electric eels
  11 wights
  4 centaur zombies
  6 lava snakes (Volcano)
  2 bullfrog zombies
  A human simulacrum (Vaults:3)
  A human zombie (Ossuary)
  4 hounds
  5 jellies
  A quasit (Abyss:3)
  28 starcursed masses
  11 orc priests
  2 centaur skeletons
  4 bullfrog skeletons
  An iron imp (Abyss:3)
  4 iguanas
  10 orc wizards
  13 hell rats
  4 killer bee zombies
  A hound zombie (D:5)
  A howler monkey zombie (D:5)
  2 mummies (Ossuary)
  15 gnolls
  A howler monkey skeleton (D:6)
  8 river rats (Lair:5)
  8 adders
  5 shadow imps
  6 white imps
  4 ufetubi
  An adder skeleton (D:5)
  A dart slug (D:2)
  37 orcs
  15 bats
  7 endoplasms
  4 gnoll zombies (Ossuary)
  16 goblins
  12 hobgoblins
  7 jackals
  24 kobolds
  A quokka (D:2)
  12 ball pythons
  A frilled lizard (D:1)
  2 goblin zombies (Ossuary)
  3 hobgoblin zombies (Ossuary)
  4 orc zombies (Ossuary)
  11 rats
  A lurking horror (Abyss:2)
  9 starspawn tentacles
1715 creatures vanquished.

Vanquished Creatures (others)
  2 deep elf zephyrmancers
  A merfolk (Shoals:1)
  6 golden eyes (Abyss:3)
  21 fungi
  144 plants
  14 starspawn tentacles
  4 tentacles (Shoals:2)
192 creatures vanquished.

Grand Total: 1907 creatures vanquished

Notes
Turn   | Place    | Note
-------+----------+-------------------------------------------
     0 | D:1      | karrick the Gargoyle Gladiator began the quest for the Orb.
     0 | D:1      | Reached XP level 1. HP: 12/12 MP: 1/1
   317 | D:1      | Reached XP level 2. HP: 18/18 MP: 2/2
   968 | D:2      | Reached XP level 3. HP: 15/22 MP: 3/3
  1534 | D:2      | Found a faded altar of an unknown god.
  1818 | D:3      | Reached skill level 1 in Armour
  1868 | D:3      | Found a blossoming altar of Fedhas.
  1919 | D:3      | Reached XP level 4. HP: 27/27 MP: 4/4
  2022 | D:3      | Found Legejo's Magic Scroll Emporium.
  2080 | D:3      | Found an iron altar of Okawaru.
  2392 | D:3      | Found the +7 lajatang of Order {silver, rMut}
  2697 | D:3      | Reached XP level 5. HP: 32/32 MP: 5/5
  2768 | D:4      | Reached skill level 1 in Staves
  2828 | D:4      | Reached XP level 6. HP: 32/37 MP: 6/6
  3497 | D:5      | Entered Level 5 of the Dungeon
  3507 | D:5      | Reached skill level 1 in Stealth
  3576 | D:3      | Became a worshipper of Warmaster Okawaru
  3686 | D:5      | Reached XP level 7. HP: 20/41 MP: 7/7
  3901 | D:5      | Found a radiant altar of Vehumet.
  4158 | D:5      | Identified the +1 leather armour of an ice cave {Harm
                  | Slay+2}
  4327 | D:5      | Reached skill level 2 in Stealth
  4342 | D:5      | Reached * piety under Okawaru
  4765 | D:6      | Reached skill level 5 in Staves
  4765 | D:6      | Reached XP level 8. HP: 42/48 MP: 8/8
  4789 | D:6      | Found a staircase to the Ecumenical Temple.
  4861 | D:6      | Found a glowing drain.
  4870 | Sewer    | Entered a sewer
  5029 | D:6      | Reached ** piety under Okawaru
  5280 | D:6      | Noticed Eustachio
  5289 | D:6      | Killed Eustachio
  5307 | D:6      | Reached skill level 5 in Fighting
  5703 | D:6      | Reached XP level 9. HP: 54/54 MP: 9/9
  5799 | Temple   | Entered the Ecumenical Temple
  5926 | D:7      | Noticed Pikel
  5933 | D:7      | Killed Pikel
  5966 | D:7      | Found a bloodstained altar of Trog.
  6032 | D:7      | Noticed a gargoyle
  6089 | D:7      | Found a sand-covered staircase.
  6098 | Ossuary  | Entered an ossuary
  6311 | D:7      | Noticed a gargoyle
  6459 | D:7      | Noticed a hornet
  6478 | D:7      | Killed a hornet
  6724 | D:8      | Reached *** piety under Okawaru
  6744 | D:8      | Reached skill level 10 in Staves
  6744 | D:8      | Reached XP level 10. HP: 19/60 MP: 8/10
  6944 | D:8      | Found a flagged portal.
  6953 | Bailey   | Entered a bailey
  7051 | Bailey   | Reached skill level 5 in Armour
  7361 | Bailey   | Noticed an orc knight
  7370 | Bailey   | Killed an orc knight
  7371 | Bailey   | Reached skill level 3 in Stealth
  7653 | Bailey   | Reached **** piety under Okawaru
  7708 | Bailey   | Found an iron altar of Okawaru.
  7710 | Bailey   | Noticed an orc sorcerer
  7710 | Bailey   | Noticed a kobold demonologist
  7744 | Bailey   | Killed an orc sorcerer
  7780 | Bailey   | Identified the +10 great mace of Voanu {drain, rElec rC++
                  | Str-3}
  7829 | Bailey   | Noticed a sun demon
  7832 | Bailey   | Killed a kobold demonologist
  7862 | Bailey   | Identified the +2 leather armour of Virtue {rPois rC+}
  8146 | D:8      | Found Ceirch's Antique Weapon Shoppe.
  8320 | D:8      | Noticed a two-headed ogre
  8333 | D:8      | Killed a two-headed ogre
  8334 | D:8      | Reached skill level 1 in Invocations
  8764 | D:9      | Reached ***** piety under Okawaru
  8765 | D:9      | Reached XP level 11. HP: 67/67 MP: 12/12
  8845 | D:9      | Found a hazy altar of Hepliaklqana.
  8912 | D:9      | Reached skill level 5 in Dodging
  9070 | D:9      | Found a glowing silver altar of Zin.
  9381 | D:10     | Entered Level 10 of the Dungeon
  9399 | D:10     | Noticed Maurice
  9867 | D:7      | Noticed a cyclops
  9870 | D:7      | Noticed a boulder beetle
  9871 | D:7      | Noticed a cyclops
 10251 | D:10     | Received a gift from Okawaru
 10413 | D:10     | Found a staircase to the Lair.
 10458 | D:10     | Noticed Grum
 10477 | D:10     | Killed Grum
 11053 | D:10     | Killed Maurice
 11202 | D:10     | Found an opulent altar of Gozag.
 11349 | D:10     | Reached skill level 5 in Invocations
 11545 | D:11     | Noticed a red ugly thing
 11622 | Lair:1   | Entered Level 1 of the Lair of Beasts
 11653 | Lair:1   | Reached XP level 12. HP: 53/75 MP: 15/15
 11973 | Lair:1   | Noticed a spriggan berserker
 11975 | Lair:1   | Noticed DemonSlayer's ghost (journeyman DsFE)
 12151 | Lair:1   | Found a transporter.
 12154 | Lair:1   | Found a bloodstained altar of Trog.
 12176 | Lair:1   | Found a transporter.
 12419 | Lair:1   | Reached skill level 4 in Stealth
 12576 | Lair:1   | Received a gift from Okawaru
 13090 | Lair:2   | Noticed Nergalle
 13098 | Lair:2   | Killed Nergalle
 13099 | Lair:2   | Reached skill level 5 in Stealth
 13144 | Lair:2   | Noticed Gastronok
 13159 | Lair:2   | Killed Gastronok
 13584 | Lair:2   | Identified the +10 scythe "Acarineslayer" {drain, Str+2
                  | Dex+4}
 13777 | Lair:3   | Noticed a five-headed hydra
 13859 | Lair:3   | Found a staircase to the Snake Pit.
 13873 | Lair:3   | Reached skill level 10 in Fighting
 13879 | Lair:3   | Identified the -1 pair of gloves "Bouclano" {Str+5}
                  | (Okawaru gifted it to you on level 3 of the Lair of Beasts)
 13879 | Lair:3   | Received a gift from Okawaru
 13884 | Lair:3   | Reached skill level 6 in Stealth
 13888 | Lair:3   | Reached XP level 13. HP: 39/82 MP: 18/18
 14033 | Lair:3   | Found a runed translucent gate.
 14033 | Lair:3   | Found a runed translucent gate.
 14033 | Lair:3   | Found a runed translucent gate.
 14034 | Lair:3   | Noticed COBRA's ghost (journeyman HOFi)
 14085 | Lair:3   | Found a staircase to the Shoals.
 14104 | Lair:3   | Found a dark tunnel.
 14126 | Volcano  | Entered a volcano
 14373 | Volcano  | Found a bloodstained altar of Trog.
 16142 | Lair:4   | Reached skill level 1 in Evocations
 16202 | Lair:4   | Reached skill level 7 in Stealth
 17705 | Lair:3   | Received a gift from Okawaru
 18074 | Lair:3   | Reached skill level 5 in Maces & Flails
 18185 | Snake:1  | Entered Level 1 of the Snake Pit
 18264 | Lair:5   | Received a gift from Okawaru
 18363 | Lair:5   | Reached skill level 8 in Stealth
 18384 | Lair:5   | Gained mutation: Your large and strong wings let you fly.
                  | [Gargoyle growth]
 18384 | Lair:5   | Reached XP level 14. HP: 56/90 MP: 20/20
 18528 | Lair:5   | Reached skill level 15 in Staves
 18778 | Lair:5   | Reached ****** piety under Okawaru
 19148 | Lair:5   | Identified the +1 buckler of the Lotus Blossom {rPois
                  | Int+2} (Okawaru gifted it to you on level 5 of the Lair of
                  | Beasts)
 19148 | Lair:5   | Received a gift from Okawaru
 19927 | Lair:6   | Entered Level 6 of the Lair of Beasts
 20099 | Lair:6   | Reached skill level 9 in Stealth
 21587 | Lair:6   | Reached skill level 10 in Invocations
 22178 | Lair:6   | Acquired a manual of Stealth
 22469 | Lair:6   | Found a viscous altar of Jiyva.
 22469 | Lair:6   | Found a staircase to the Slime Pits.
 22712 | Lair:3   | Reached skill level 10 in Stealth
 22717 | Lair:3   | Reached XP level 15. HP: 62/97 MP: 22/22
 23074 | D:7      | Received a gift from Okawaru
 23218 | D:7      | Identified the +3 shortbow of the Protecting Ass {flame,
                  | Dex+4}
 23218 | D:7      | Identified the +9 mace "Vukuy" {freeze, rF+++ MP-9 Str+4
                  | Stlth+}
 23218 | D:7      | Identified the +4 morningstar of Amorality {holy, Str+2
                  | Int+5}
 23219 | D:7      | Got the Compendium of the Poisonous Arsonist
 23355 | D:7      | Found a white marble altar of Elyvilon.
 24070 | D:11     | Found Gynyaq Hos's Assorted Antiques.
 24120 | D:12     | Found a staircase to the Orcish Mines.
 24581 | D:12     | Reached skill level 11 in Stealth
 24686 | D:12     | You are sucked into a shaft and drop 2 floors!
 24686 | D:14     | Found a gate to the Vaults.
 24840 | D:14     | Cast into level 3 of the Abyss (a wizard)
 24844 | Abyss:3  | Acquired the ring of Dogma {Wiz Fly Str+9 Int+3 Dex-5}
 25114 | Abyss:3  | Noticed a tentacled starspawn
 25123 | Abyss:3  | Killed a tentacled starspawn
 25155 | Abyss:3  | Noticed a bone dragon
 25475 | Abyss:3  | Noticed a tentacled starspawn
 25504 | Abyss:3  | Killed a tentacled starspawn
 25589 | Abyss:3  | Noticed a tentacled starspawn
 25596 | Abyss:3  | Found a corrupted altar of Lugonu.
 25738 | D:14     | Escaped the Abyss
 25751 | D:14     | Noticed a tentacled starspawn
 25764 | D:14     | Killed a tentacled starspawn
 25803 | D:14     | Found a corrupted altar of Lugonu.
 25808 | D:14     | Found a corrupted altar of Lugonu.
 25850 | D:14     | Noticed a tentacled starspawn
 25860 | D:14     | Killed a tentacled starspawn
 25949 | D:14     | Found a corrupted altar of Lugonu.
 26287 | D:14     | Found the +8 demon trident "Rift" {distort, reach+}
 26617 | D:14     | Found Soal's Antique Weapon Boutique.
 26643 | D:14     | Identified the +0 helmet "Lontittegg" {Int+5} (Okawaru
                  | gifted it to you on level 14 of the Dungeon)
 26643 | D:14     | Received a gift from Okawaru
 26754 | D:13     | Reached skill level 12 in Stealth
 27876 | D:12     | Noticed Kirke
 27894 | D:12     | Killed Kirke
 28240 | D:13     | Reached skill level 13 in Stealth
 28908 | D:15     | Entered Level 15 of the Dungeon
 29014 | D:15     | Reached XP level 16. HP: 105/105 MP: 24/24
 29666 | D:15     | Found a staircase to the Depths.
 29704 | D:15     | Received a gift from Okawaru
 30717 | D:15     | Found a portal to a secret trove of treasure.
 30917 | Orc:1    | Entered Level 1 of the Orcish Mines
 31074 | Orc:2    | Entered Level 2 of the Orcish Mines
 31281 | Orc:2    | Found a staircase to the Elven Halls.
 31285 | Orc:2    | Found Enuf's Weapon Shoppe.
 31691 | Orc:1    | Noticed Snorg
 31700 | Orc:1    | Killed Snorg
 31701 | Orc:1    | Reached skill level 14 in Stealth
 32262 | Orc:2    | Found Jutuh's Weapon Boutique.
 32380 | Orc:2    | Found Nakkaecs's Book Boutique.
 32380 | Orc:2    | Found Imynolap's General Store.
 32380 | Orc:2    | Found Sukafo's Assorted Antiques.
 32383 | Orc:2    | Found Qulismib's Magic Scroll Shop.
 32395 | Orc:2    | Bought a scroll of magic mapping for 63 gold pieces
 32400 | Orc:2    | Bought a scroll of identify for 48 gold pieces
 32400 | Orc:2    | Bought a smoky grey potion for 21 gold pieces
 33666 | Snake:1  | Found Wiwel's Jewellery Boutique.
 33666 | Snake:1  | Found Susaq's Book Shoppe.
 33667 | Snake:1  | Found Hiurchof's Book Shoppe.
 33679 | Snake:1  | Bought an amulet of regeneration for 450 gold pieces
 33679 | Snake:1  | Bought the ring of Accord {rF+ AC+4 Str+4} for 876 gold
                  | pieces
 34544 | Snake:2  | Reached skill level 15 in Stealth
 34548 | Snake:2  | Identified the +0 helmet of the Other Side {+Blink Slay+3
                  | Stlth+} (Okawaru gifted it to you on level 2 of the Snake
                  | Pit)
 34548 | Snake:2  | Received a gift from Okawaru
 34631 | Snake:2  | Reached skill level 15 in Fighting
 34932 | Snake:2  | Noticed a nagaraja
 35134 | Snake:3  | Reached XP level 17. HP: 82/113 MP: 26/26
 35230 | Snake:3  | Identified the +0 pair of gloves "Vynar" {rN+}
 35268 | Snake:3  | Reached skill level 16 in Stealth
 35872 | Snake:3  | Received a gift from Okawaru
 35928 | Snake:4  | Entered Level 4 of the Snake Pit
 36001 | Snake:4  | Noticed Vashnia
 36072 | Snake:4  | Reached skill level 17 in Stealth
 36127 | Snake:4  | Identified the +6 lajatang "Leviticus" {vorpal, *Slow rCorr
                  | Dex+3} (Okawaru gifted it to you on level 4 of the Snake
                  | Pit)
 36127 | Snake:4  | Received a gift from Okawaru
 36282 | Snake:4  | Killed Vashnia
 36978 | Snake:4  | Reached skill level 10 in Armour
 36980 | Snake:4  | Identified the +8 chain mail of Noughts and Crosses
                  | {Stlth+} (Okawaru gifted it to you on level 4 of the Snake
                  | Pit)
 36980 | Snake:4  | Received a gift from Okawaru
 37111 | Snake:4  | Reached XP level 18. HP: 105/122 MP: 26/28
 37467 | Snake:4  | Reached skill level 18 in Stealth
 37481 | Snake:4  | Got a serpentine rune of Zot
 38453 | Lair:3   | Found a viscous altar of Jiyva.
 38526 | Lair:3   | Killed COBRA's ghost
 38689 | Lair:1   | Killed DemonSlayer's ghost
 38790 | Shoals:1 | Entered Level 1 of the Shoals
 39453 | Shoals:1 | Received a gift from Okawaru
 40197 | Shoals:2 | Noticed Mlioglotl
 40220 | Shoals:2 | Killed Mlioglotl
 40533 | Shoals:2 | Noticed Ilsuiw
 40596 | Shoals:2 | Killed Ilsuiw
 41349 | Shoals:3 | Reached XP level 19. HP: 103/128 MP: 29/29
 41417 | Shoals:3 | Identified the +1 plate armour "Lauginir" {Will+ Str+2
                  | Dex+6 Stlth-} (Okawaru gifted it to you on level 3 of the
                  | Shoals)
 41417 | Shoals:3 | Received a gift from Okawaru
 41491 | Shoals:3 | Identified the +6 arbalest of Ciorgh {flame, +Blink rPois
                  | rC- Int+5}
 41968 | Shoals:4 | Entered Level 4 of the Shoals
 42061 | Shoals:4 | Noticed Polyphemus
 42074 | Shoals:4 | Killed Polyphemus
 42091 | Shoals:4 | Reached skill level 19 in Stealth
 42353 | Shoals:4 | Found Zuyploh's Gadget Gallery.
 42533 | Shoals:4 | Noticed Bai Suzhen
 42825 | Shoals:4 | Got a barnacled rune of Zot
 42891 | Shoals:4 | Noticed Mara
 42894 | Shoals:4 | Noticed karrick's illusion
 42924 | Shoals:3 | Noticed karrick's illusion
 42932 | Shoals:3 | Killed Mara
 42933 | Shoals:3 | Reached skill level 15 in Invocations
 43025 | Shoals:4 | Noticed Aizul
 43034 | Shoals:4 | Killed Aizul
 43239 | Shoals:4 | Identified the amulet "Quituw" {RegenMP Int+2}
 43484 | Vaults:1 | Entered Level 1 of the Vaults
 43582 | Vaults:1 | Received a gift from Okawaru
 43745 | Vaults:1 | Received a gift from Okawaru
 43938 | Vaults:1 | Identified the +4 pair of gloves "Dock" {Dex+3} (Okawaru
                  | gifted it to you on level 1 of the Vaults)
 43938 | Vaults:1 | Received a gift from Okawaru
 44739 | Vaults:1 | Reached XP level 20. HP: 119/136 MP: 31/31
 45421 | Elf:1    | Entered Level 1 of the Elven Halls
 45516 | Elf:1    | Reached skill level 20 in Stealth
 45693 | Elf:1    | Received a gift from Okawaru
 45693 | Elf:1    | Found the +3 warlock's mirror {reflect}
 45751 | Elf:1    | Got the Tome of the Three Mystics
 46564 | Elf:2    | Paralysed by an air elemental for 1 turns
 46744 | Elf:2    | Found a runed translucent gate.
 46744 | Elf:2    | Found a runed translucent gate.
 46745 | Elf:2    | Found a runed translucent gate.
 47216 | Elf:2    | Reached XP level 21. HP: 144/144 MP: 33/33
 47418 | Elf:3    | Entered Level 3 of the Elven Halls
 47708 | Elf:3    | Received a gift from Okawaru
 47982 | Elf:3    | Noticed Donald
 48025 | Elf:3    | Killed Donald
 48086 | Elf:3    | Cast into level 2 of the Abyss (a deep elf demonologist)
 48088 | Abyss:2  | Found a stormy altar of Qazlal.
 48257 | Abyss:2  | Found a hazy altar of Hepliaklqana.
 48859 | Abyss:2  | Noticed a bone dragon
 48894 | Abyss:2  | Found a sacrificial altar of Ru.
 48961 | Elf:3    | Escaped the Abyss
 49571 | Elf:3    | Cast into level 2 of the Abyss (a deep elf sorcerer)
 49592 | Abyss:2  | Found a corrupted altar of Lugonu.
 49792 | Abyss:2  | Gained mutation: You are weak. (Str -2) [a neqoxec]
 49861 | Abyss:2  | Identified the +6 tower shield of Syndicalism {rElec rPois
                  | rF+}
 49892 | Elf:3    | Escaped the Abyss
 49894 | Elf:3    | Received a gift from Okawaru
 50022 | Elf:3    | Cast into level 3 of the Abyss (a deep elf sorcerer)
 50022 | Abyss:3  | Found a corrupted altar of Lugonu.
 50141 | Elf:3    | Escaped the Abyss
 50381 | Elf:3    | Received a gift from Okawaru
 50411 | Elf:3    | Cast into level 2 of the Abyss (a deep elf sorcerer)
 50602 | Abyss:3  | Found a corrupted altar of Lugonu.
 50705 | Abyss:3  | Found a corrupted altar of Lugonu.
 50961 | Abyss:3  | Found an iron altar of Okawaru.
 50964 | Abyss:3  | Found a corrupted altar of Lugonu.
 51017 | Elf:3    | Escaped the Abyss
 51035 | Elf:3    | Reached skill level 21 in Stealth
 51086 | Elf:3    | Identified the ring "Murhal" {Fire rPois Will+ Str+4 Dex+3}
 51106 | Elf:3    | Got Sif Muna's Reference Book on the Entourage
 51107 | Elf:3    | Identified the amulet "Onany" {RegenMP *Corrode Will+
                  | Int+5}
 51111 | Elf:3    | Identified the ring "Wiapy" {Wiz Int+4 Dex+4 SInv Stlth+}
 51166 | Elf:3    | Identified the +1 hand crossbow of Gallantry {penet, Drain
                  | rF++ Str+3}
 51176 | Elf:3    | Received a gift from Okawaru
 51194 | Elf:3    | Got Sif Muna's Reference Book on Earthen Poisoning
 51201 | Elf:3    | Identified the +5 ring mail "Wucselent" {-Tele rElec Int+6}
 51742 | Vaults:2 | Found Falyer Uqeci's Jewellery Emporium.
 52166 | Vaults:2 | Identified the +5 shortbow "Coeguw" {flame, Will- Str+2
                  | Int+4 Dex+2} (Okawaru gifted it to you on level 2 of the
                  | Vaults)
 52166 | Vaults:2 | Received a gift from Okawaru
 52653 | Vaults:2 | Reached XP level 22. HP: 152/152 MP: 34/34
 53025 | Vaults:3 | Found a staircase to the Crypt.
 53071 | Vaults:3 | Received a gift from Okawaru
 53086 | Vaults:3 | Reached skill level 22 in Stealth
 53171 | Vaults:3 | Identified the +11 spear "Vuskigyo" {vorpal, rC+ rCorr}
 53753 | Vaults:3 | Identified the +3 arbalest of Conscience {penet, SInv}
 53804 | Vaults:3 | Reached skill level 10 in Dodging
 53816 | Vaults:3 | Mangled by a vault guard

Illustrated notes

Levels and vault maps discovered:
D:1:      nzn_arrival_settlement, layout_basic
D:2:      layout_loops_ring, basic_ecumenical_altar
D:3:      layout_basic, mainiacjoe_overflow_catwalk,
          nicolae_overflow_hidden_temple, serial_shops, shop,
          cheibrodos_gnoll_hut
D:4:      layout_loops_ring, grunt_ministairs_12
D:5:      layout_cave_pods, nicolae_vehumet_radiance, minmay_between
D:6:      layout_basic, minmay_temple_entry_junction_2, portal_sewer_entry_b,
          kennysheep_minor_cross, uniq_eustachio
D:7:      cheibrodos_helix_gallery, layout_cave_pools, trog_hazing_becter,
          nicolae_elyvilon_temple_path, nicolae_ossuary_entry_monument,
          minmay_the_grid_2x2 [minmay_the_grid_zigzag_pyramid,
          minmay_the_grid_doors, minmay_the_grid_plusring,
          minmay_the_grid_prize_shrinking_boxes], uniq_pikel
D:8:      layout_loops_corners, serial_shops, nicolae_shop_behind_doors,
          enter_bailey_2
D:9:      layout_small_grid, zin_academy, mainiacjoe_overflow_paths
D:10:     layout_cave_pods, kennysheep_little_box, david_lair_shrubbed,
          special_room [special_room_kobold], uniq_grum, uniq_maurice
D:11:     layout_stronghold, serial_shops, shop
D:12:     layout_roguey, orc_0_dummy, minmay_unpleasant_kobolds, uniq_kirke
D:13:     layout_rooms
D:14:     layout_roguey, erik_vaults_1, kennysheep_nondescript, serial_shops,
          nicolae_shop_overgrown_old_shop, hellmonk_guarded_unrand_rift
D:15:     hangedman_depths_entry_try_elsewhere_first, layout_cave_pools,
          nicolae_trove_entry_path_of_doom, skrybe_limestone_x,
          kennysheep_pointless_box
Temple:   zaba_magenta_temple
Lair:1:   layout_chaotic_city, gammafunk_ghost_wrathful_warriors,
          roderic_batcave, chequers_serial_rivers_micro_e
Lair:2:   layout_roguey, nicolae_quartered_pool_medium, disabler_island,
          uniq_gastronok, uniq_nergalle
Lair:3:   layout_hall_layers, shoals_dummy_entry, dummy_snake_entry,
          gammafunk_ghost_ooze, lightli_volcano_entry_magma_tube,
          nicolae_lair_lakeside_cave
Lair:4:   layout_loops_ring, special_room [special_room_mythical_zoo],
          beast_lair_carwin_9
Lair:5:   layout_misc_corridors, kennysheep_rathole, grunt_megastairs_5
Lair:6:   minmay_lair_end_enchanted_forest, layout_small_grid,
          dpeg_slime_entry_enclosed_altar
Shoals:1: layout_shoals, nicolae_shoals_wave_tunnel
Shoals:2: layout_shoals, uniq_mlioglotl, uniq_ilsuiw
Shoals:3: layout_shoals
Shoals:4: shoals_end_hangedman, layout_shoals, shoal_ilsuiw,
          nicolae_shop_gadgets, uniq_aizul, uniq_polyphemus, uniq_bai_suzhen,
          uniq_mara
Snake:1:  layout_basic, minmay_shop_grove, grunt_megastairs_3
Snake:2:  layout_chambers, nicolae_snake_snakes_in_the_grass
Snake:3:  layout_cave_town, nicolae_snake_lava_pool
Snake:4:  snake_pit_salamanders_mu, layout_misc_corridors, uniq_vashnia
Orc:1:    layout_diamond_mine, nicolae_orc_rockfall, rock_pile, uniq_snorg
Orc:2:    st_orc_rangers, layout_diamond_mine, serial_shops, shop, shop
Elf:1:    layout_geoelf_grid, minmay_elf_annihilation, amethyst_killhole,
          corexii_checkpoint_b
Elf:2:    nicolae_elf_blades_splatter_lattice
          [nicolae_blade_entry_area_security], layout_geoelf_grid,
          minmay_misc_feat_columns
Elf:3:    minmay_elf_hall_hex, layout_onion_city, uniq_donald
Vaults:1: grunt_vaults_focal, v_misc_15, nicolae_vaults_mini_display_case,
          vaults_dpeg_cross, nicolae_vaults_gold_heap, v_pattern_2,
          vaults_room_pool, vaults_room_pools, layout_vaults_omnigrid
Vaults:2: ontoclasm_vaults_ring_square, ontoclasm_vaults_shuriken,
          vaults_mumra_lcd, grunt_vaults_trifunnel, v_misc_3,
          nicolae_vaults_ninety_degrees, vaults_dpeg_diagonal,
          ontoclasm_vaults_ligature, vaults_room_hallway, vaults_dpeg_ring,
          layout_vaults_chaotic_city, serial_shops, nicolae_shop_hallway_stairs
Vaults:3: minmay_crypt_entry_simple_sparse, v_pattern_3,
          nicolae_vaults_diagonal_hallway_9, ontoclasm_vaults_hangar,
          v_alt_pattern_4, v_rooms_4, nicolae_vaults_little_squares_5,
          vaults_standard_mumra_enter_the_diamond, ontoclasm_vaults_eye,
          nicolae_vaults_c_with_doors, ontoclasm_vaults_twist,
          ontoclasm_vaults_tryst, nicolae_vaults_theta, v_misc_12,
          layout_vaults_maze_snakey

Skill      XL: |  1  2  3  4  5  6  7  8  9 10 11 12 13 14 15 16 17 18 19 20 21 22 |
---------------+-------------------------------------------------------------------+-----
Throwing       | 2 |  2.0
Armour         | 1 2 3 4 6 7 8 9 10 11 12 13 14 | 14.0
Dodging        | 3 4 5 6 7 8 9 10 | 10.0
Maces & Flails | 4 5 6 |  6.8
Fighting       | 3 4 5 6 7 8 10 11 12 13 15 16 17 18 19 20 | 20.6
Staves         | 1 3 5 7 10 11 13 14 15 16 17 18 19 20 | 20.3
Stealth        | 1 2 3 6 8 10 13 15 17 18 19 20 21 22 | 22.6
Invocations    | 1 5 7 8 10 11 12 13 14 15 16 17 | 17.7
Evocations     | 1 |  1.9
Polearms       | |  0.7

Action                   |  1- 3 |  4- 6 |  7- 9 | 10-12 | 13-15 | 16-18 | 19-21 | 22-24 || total
-------------------------+-------+-------+-------+-------+-------+-------+-------+-------++-------
Melee: Flail             |   111 |    35 |       |       |       |       |       |       ||   146
       Lajatang          |       |    55 |   217 |   566 |  1188 |  1474 |  1695 |   183 ||  5378
       Scythe            |       |       |       |     3 |       |       |       |       ||     3
       Great mace        |       |       |       |       |    62 |     3 |       |       ||    65
       Dire flail        |       |       |       |       |     5 |       |       |       ||     5
Throw: Javelin           |       |       |       |       |       |     2 |     1 |       ||     3
Invok: Heroism           |       |       |     2 |     9 |    10 |    12 |    13 |     2 ||    48
Evoke: Wand              |       |       |       |       |    11 |     1 |     1 |       ||    13
       Condenser vane    |       |       |       |       |       |     2 |     4 |     1 ||     7
       Phial of floods   |       |       |       |       |       |     1 |     1 |       ||     2
  Use: Potion            |       |       |     2 |       |     3 |     3 |     3 |       ||    11
       Scroll            |       |       |       |     8 |    19 |     4 |    10 |     1 ||    42
 Stab: Sleeping          |     1 |       |     1 |     7 |    33 |    44 |    54 |    17 ||   157
       Distracted        |       |       |       |       |     3 |    10 |    12 |     1 ||    26
       Confused          |       |       |       |       |       |     1 |     5 |       ||     6
       Petrified         |       |       |       |       |       |       |     8 |       ||     8
       Petrifying        |       |       |       |       |       |       |     3 |       ||     3
Armor: Leather armour    |    58 |    48 |    15 |       |       |       |       |       ||   121
       Ring mail         |       |       |    77 |   223 |   707 |   429 |       |       ||  1436
       Chain mail        |       |       |       |       |       |   449 |  1139 |    96 ||  1684
Dodge: Dodged            |    85 |    84 |   128 |   299 |   965 |   983 |   910 |    77 ||  3531
       Repelled          |       |       |       |     5 |     8 |    47 |    26 |       ||    86
